 Dungeon Sprint DCSS version 0.23.1 (webtiles) character file.

Game seed: 10301490184317677901

12 nuthulu the Arsonist (level 2, -6/20 HPs)
             Began as a Draconian Fire Elementalist on Mar 13, 2019.
             Was an Initiate of Vehumet.
             Killed by divine providence
             ... invoked by an orc priest
              (10 damage)
             ... in the Dungeon (Sprint V: "Ziggurat Sprint").
             The game lasted 00:01:12 (274 turns).

nuthulu the Arsonist (Draconian Fire Elementalist)   Turns: 274, Time: 00:01:12

Health: -6/20      AC:  4    Str: 10    XL:     2   Next: 20%
Magic:  5/5        EV: 12    Int: 27    God:    Vehumet [......]
Gold:   0          SH:  0    Dex: 11    Spells: 2/5 levels left

rFire    . . .     SeeInvis .   k - +5 demon blade
rCold    . . .     Gourm    .   (no shield)
rNeg     . . .     Faith    .   (armour unavailable)
rPois    .         Spirit   .   (helmet restricted)
rElec    .         Reflect  .   (no cloak)
rCorr    .         Harm     .   (no gloves)
MR       .....     NoTele   +   (no boots)
Stlth    ++........             (no amulet)
HPRegen  0.06/turn              y - +6 ring of intelligence
MPRegen  0.09/turn              z - +6 ring of intelligence

@: no status effects
A: unfitting armour, cold-blooded, AC +4
a: Renounce Religion


You were in the Dungeon.
You worshipped Vehumet.
Vehumet was noncommittal.
You were not hungry.

You visited 1 branch

Inventory:

Hand Weapons
 k - a +5 demon blade (weapon)
Jewellery
 w - a +6 ring of dexterity
 x - a +6 ring of dexterity
 y - a +6 ring of intelligence (left hand)
 z - a +6 ring of intelligence (right hand)
 A - a +6 ring of strength
 B - a +6 ring of strength
 C - the ring of Susi {Ice rPois MR+ Int+3 Dex+4 Stlth-}
   (You found it in the Dungeon)

   [ring of ice]

   It enhances your ice magic.
   It affects your intelligence (+3).
   It affects your dexterity (+4).
   It makes you vulnerable to fire.
   It protects you from cold.
   It protects you from poison.
   It affects your resistance to hostile enchantments.
   It makes you less stealthy.
Wands
 t - a wand of disintegration (7)
 u - a wand of iceblast (7)
 v - a wand of acid (7)
Scrolls
 h - 4 scrolls of blinking
 n - 4 scrolls of amnesia
 o - 7 scrolls of fog
 p - a scroll of holy word
 q - 5 scrolls of identify
 r - 5 scrolls of remove curse
 s - 2 scrolls of fear
Potions
 a - 2 potions of brilliance
 c - 10 potions of curing
 d - 10 potions of heal wounds
 e - 6 potions of haste
 f - 7 potions of magic
 g - 3 potions of berserk rage
 i - 2 potions of invisibility
 j - 4 potions of resistance
 l - 5 potions of agility
 m - 5 potions of might
Comestibles
 b - 7 rations


   Skills:
 + Level 0.3 Long Blades
 + Level 1.8 Dodging
 - Level 1.7 Stealth
 + Level 2.0 Spellcasting
 + Level 1.1 Conjurations
 + Level 8.1 Fire Magic


You had 2 spell levels left.
You knew the following spells:

 Your Spells              Type           Power        Failure   Level  Hunger
a - Flame Tongue          Conj/Fire      ####.        1%          1    None
b - Throw Flame           Conj/Fire      ####..       2%          2    ##.....

Your spell library contained the following spells:

 Spells                   Type           Power        Failure   Level  Hunger
 Conjure Flame            Conj/Fire      ####....     4%          3    ###....
 Inner Flame              Hex/Fire       ###.....     5%          3    ###....
 Sticky Flame             Conj/Fire      ####....     14%         4    ####...
 Fireball                 Conj/Fire      ####......   38%         5    ######.


Dungeon Overview and Level Annotations

Branches:
Dungeon (1/1)

Altars:
Ashenzari
Cheibriados
Dithmenos
Elyvilon
Fedhas
Gozag
Hepliaklqana
Kikubaaqudgha
Makhleb
Nemelex Xobeh
Okawaru
Qazlal
Ru
Sif Muna
Trog
Uskayaw
Vehumet
Wu Jian
Xom
Yredelemnul
Zin
The Shining One
Beogh
Jiyva
Lugonu

Annotations:
D 1 transporter


Innate Abilities, Weirdness & Mutations

Your plain brown scales are hard. (AC +4)
You cannot fit into any form of body armour.
You are cold-blooded and may be slowed by cold attacks.


Message History

The orc priest picks up the +6 morningstar "Worm" {crush, rF- rC+ Int+4}.
The orc priest wields the +6 morningstar "Worm" {crush, rF- rC+ Int+4}.
The orc priest picks up a +2 plate armour of cold resistance.
The orc priest wears a +2 plate armour of cold resistance.
Found a +0 club and a cursed ring of attention.
Found a transporter.
Unknown command.
Unknown command.
The orc completely misses you.
The orc priest shouts!
You hit the orc.
The orc is almost dead.
The orc priest hits you with the +6 morningstar "Worm" {crush, rF- rC+ Int+4}!
Ouch! That really hurt!
The orc hits you. x2
* * * LOW HITPOINT WARNING * * *
The orc priest calls down the wrath of Beogh upon you.
Beogh smites you!
Ouch! That really hurt!
You die...

▓▓▓▓▓▓▓▓▓▓▓▓▓
▓.8©8.▓.8©8.▓
▓..)=.▓.....▓
▓...o.▓...|.▓
▓..oo.▓.....▓
▓...@.▓.)...▓
▓.....▓..©..▓
▓..©..▓▓▓▓▓▓▓
▓▓▓▓▓▓▓


You could see 2 orc priests and an orc.

Vanquished Creatures
  2 orcs (D)
2 creatures vanquished.

Vanquished Creatures (others)
  2 spatial maelstroms (D)
2 creatures vanquished.

Grand Total: 4 creatures vanquished

Notes
Turn   | Place    | Note
-------+----------+-------------------------------------------
     0 | D        | Found the +6 Majin-Bo {vamp, Archmagi MP+6 Int+6}
     0 | D        | Found the +7 great mace "Firestarter" {inner flame, rF++}
     0 | D        | nuthulu the Draconian Fire Elementalist began the quest for
                  | the Orb.
     0 | D        | Reached XP level 1. HP: 14/14 MP: 3/3
     0 | D        | Found a bloodstained altar of Trog.
     0 | D        | Found a deep blue altar of Sif Muna.
     0 | D        | Found a sacrificial altar of Ru.
     0 | D        | Found a stormy altar of Qazlal.
     0 | D        | Found an iron altar of Okawaru.
     1 | D        | Banished a spatial maelstrom
     2 | D        | Found a sparkling altar of Nemelex Xobeh.
     2 | D        | Found a blossoming altar of Fedhas.
     4 | D        | Found a transporter.
     4 | D        | Found an ancient bone altar of Kikubaaqudgha.
     4 | D        | Found a viscous altar of Jiyva.
     4 | D        | Found a corrupted altar of Lugonu.
     4 | D        | Found a hazy altar of Hepliaklqana.
     4 | D        | Found a burning altar of Makhleb.
     4 | D        | Found an opulent altar of Gozag.
    18 | D        | Reached skill level 8 in Fire Magic
    18 | D        | Reached XP level 2. HP: 20/20 MP: 5/5
    22 | D        | Learned a level 2 spell: Throw Flame
    29 | D        | Became a worshipper of Vehumet
    35 | D        | Banished a spatial maelstrom
    53 | D        | Entered arena 2.
    53 | D        | Found a transporter.
   224 | D        | Got the ring of Susi {Ice rPois MR+ Int+3 Dex+4 Stlth-}
   271 | D        | Entered arena 3.
   271 | D        | Found a transporter.
   272 | D        | Identified the +6 morningstar "Worm" {crush, rF- rC+ Int+4}
   274 | D        | Killed from afar by an orc priest

Skill      XL: |  1 |
---------------+----+-----
Fire Magic     | 8 |  8.1
Long Blades    | |  0.3
Dodging        | |  1.8
Stealth        | |  1.7
Spellcasting   | |  2.0
Conjurations   | |  1.1

Action                   || total
-------------------------++-------
Melee: Demon blade       ||     2
 Cast: Flame Tongue      ||     3
  Use: Potion            ||     1
Dodge: Dodged            ||     3
       Rpst.: Demon blade ||     1
